 Dungeon Crawl Stone Soup version 0.18.1-8-gdd0e5ea (webtiles) character file.

1425 Shtopit the Shield-Bearer (level 8, 0/50 HPs)
             Began as a Gargoyle Fighter on May 28, 2016.
             Was a Follower of Qazlal.
             Killed by divine providence
             ... invoked by an orc priest
              (11 damage)
             ... on level 6 of the Dungeon.
             The game lasted 00:19:13 (5739 turns).

Shtopit the Shield-Bearer (Gargoyle Fighter)        Turns: 5739, Time: 00:19:14

Health: 0/50       AC: 16    Str: 22    XL:     8   Next: 72%
Magic:  17/17      EV:  7    Int:  9    God:    Qazlal [*.....]
Gold:   269        SH: 13    Dex:  9    Spells: 0 memorised, 7 levels left

rFire  . . .     SeeInvis .     a - +0 flail
rCold  . . .     Gourm    .     k - +0 chain mail
rNeg   + . .     Faith    .     c - +1 shield
rPois  ∞         Spirit   .     (no helmet)
rElec  +         Dismiss  .     C - +0 cloak
rCorr  .         Reflect  .     (no gloves)
SustAt .         Harm     .     (no boots)
MR     .....                    (no amulet)
Stlth  ..........               M - ring of flight
                                y - ring of magical power

@: not resistant to hostile enchantments, extremely unstealthy
A: negative energy resistance 1, electricity resistance, unbreathing,
petrification resistance, rot immunity, AC +5
a: Renounce Religion, Evoke Flight


You were on level 6 of the Dungeon.
You worshipped Qazlal.
Qazlal was aware of your devotion.
You were hungry.

You visited 2 branches of the dungeon, and saw 8 of its levels.
You also visited: Sewer.

You collected 269 gold pieces.

Inventory:

Hand Weapons
 a - a +0 flail (weapon)
 u - a +0 blowgun
 D - a +0 hunting sling
Missiles
 e - 25 poisoned needles
 n - 8 curare-tipped needles
 E - 128 stones (quivered)
Armour
 b - a +0 scale mail
 c - a +1 shield (worn)
 k - a +0 chain mail (worn)
 C - a +0 cloak (worn)
 F - a +0 large shield
 G - the +1 robe of Ocaecih {Str+3, unknown}
   (You found it on level 4 of the Dungeon)

   It affects your strength (+3).
Jewellery
 y - a ring of magical power (left hand)
 z - an uncursed ring of magical power
 M - a ring of flight (right hand)
Wands
 N - a wand of iceblast (3/15)
Scrolls
 h - 2 scrolls of magic mapping
 j - 3 scrolls of fog
 m - 4 scrolls of remove curse
 q - 2 scrolls of random uselessness
 s - 4 scrolls of immolation
 t - a scroll of enchant weapon
 H - 2 scrolls of enchant armour
Potions
 g - 3 potions of lignification
 i - a potion of agility
 o - 3 potions of brilliance
 r - a potion of resistance {unknown}
 x - 2 potions of flight
 I - 2 potions of magic {unknown}
 J - a potion of haste {unknown}
 L - a potion of invisibility {unknown}
 P - a potion of ambrosia {unknown}
Comestibles
 f - 5 bread rations
 l - 2 slices of pizza
 w - a royal jelly
 B - 2 meat rations
 K - a beef jerky


   Skills:
 + Level 5.4 Fighting
 + Level 5.0 Maces & Flails
 + Level 6.0 Armour
 + Level 2.7 Dodging
 + Level 7.4 Shields


You had 7 spell levels left.
You didn't know any spells.

Dungeon Overview and Level Annotations

Branches:
Dungeon (7/15)             Temple (1/1) D:4

Altars:
Ashenzari
Dithmenos
Elyvilon
Fedhas
Gozag
Kikubaaqudgha
Nemelex Xobeh
Okawaru
Pakellas
Qazlal
Ru
Sif Muna
Trog
Vehumet
Xom
Yredelemnul
Zin
The Shining One

Shops:
D:6 *


Innate Abilities, Weirdness & Mutations

You are resistant to torment.
Your stone body is resilient (AC +5).
You are immune to poison.
You resist negative energy.
You are resistant to electric shocks.
You can survive without breathing.
You are immune to petrification.
You are immune to rotting.


Message History

You feel magically purged.
You feel a little less clever now.
You feel a little less agile now. The troll bites you.
* * * LOW HITPOINT WARNING * * *
The troll claws you.
* * * LOW HITPOINT WARNING * * *
The troll claws you but does no damage.
You see here 17 bolts.
You are feeling hungry.
There is an open door here.
An orc comes into view. It is wielding a hand axe.
The orc moves out of view.
An orc priest comes into view.
The orc priest shouts!
The orc priest looks braver for a moment.
An orc comes into view.
You open the door.
The orc priest calls down the wrath of Beogh upon you.
Beogh smites you!
You die...

#.........##.......#
#.........##.......#
#.........###.......
#.........# ####.###
#......o..######....
#....[........######
###....o.o..........
####.....##.........#
#..T@...........###.#
#.###'#+###.....# #.#
#.# #...........###.#
#.# #........(......#
#.# #.....(.##.))....
#.# #.......##.#.####
#.# #.......##.#.....
#.# ##......##.######
#.####......##.......


You could see a troll, an orc priest and 2 orcs.

Vanquished Creatures
  A two-headed ogre (D:5)
  Grinder (D:4)
  2 sky beasts (D:6)
  2 phantoms (D:6)
  A big kobold (Sewer)
  A giant frog (D:6)
  2 howler monkeys
  3 crimson imps
  A jelly (D:6)
  Ijyb (D:3)
  2 worker ants
  3 gnolls (D:6)
  3 river rats
  6 adders
  5 worms (D:3)
  A dart slug (D:1)
  2 giant geckos
  18 orcs
  9 bats
  7 giant cockroaches
  12 goblins
  9 hobgoblins
  4 jackals
  3 quokkas
  A ball python (D:3)
  3 giant newts (D:2)
  7 kobolds
  A quokka skeleton (D:4)
  13 rats
124 creatures vanquished.

Notes
Turn   | Place    | Note
--------------------------------------------------------------
     0 | D:1      | Shtopit the Gargoyle Fighter began the quest for the Orb.
     0 | D:1      | Reached XP level 1. HP: 14/14 MP: 1/1
   508 | D:1      | Reached XP level 2. HP: 18/19 MP: 2/2
  1252 | D:2      | Found a sacrificial altar of Ru.
  1297 | D:2      | Found a faded altar to an unknown god.
  1386 | D:2      | Found a shadowy altar of Dithmenos.
  1559 | D:2      | Found an ancient bone altar of Kikubaaqudgha.
  1698 | D:2      | You fall through a shaft for 2 floors!
  1753 | D:3      | Reached XP level 3. HP: 19/23 MP: 3/3
  1967 | D:3      | Reached skill level 4 in Shields
  1991 | D:3      | Reached XP level 4. HP: 21/29 MP: 4/4
  2257 | D:3      | Found a glowing drain.
  2307 | D:3      | Reached skill level 1 in Dodging
  2308 | D:3      | Reached XP level 5. HP: 7/33 MP: 5/5
  2344 | Sewer    | Entered a sewer
  2652 | Sewer    | Noticed a big kobold
  2701 | Sewer    | Killed a big kobold
  2730 | Sewer    | Found a white marble altar of Elyvilon.
  3104 | D:3      | Noticed Ijyb
  3118 | D:3      | Killed Ijyb
  3118 | D:3      | Reached XP level 6. HP: 29/38 MP: 6/6
  3431 | D:4      | Got a colourful robe
  3523 | D:4      | Reached skill level 5 in Shields
  3579 | D:4      | Found a staircase to the Ecumenical Temple.
  3585 | Temple   | Entered the Ecumenical Temple
  3651 | Temple   | Became a worshipper of Qazlal Stormbringer
  3738 | D:4      | Found a deep blue altar of Sif Muna.
  3765 | D:4      | Noticed Grinder
  3771 | D:4      | Paralysed by Grinder for 4 turns
  3782 | D:4      | Paralysed by Grinder for 5 turns
  3802 | D:4      | Killed Grinder
  3802 | D:4      | Reached skill level 5 in Armour
  3802 | D:4      | Reached XP level 7. HP: 31/44 MP: 7/7
  3973 | D:5      | Entered Level 5 of the Dungeon
  4034 | D:5      | Noticed a two-headed ogre
  4060 | D:5      | Killed a two-headed ogre
  4060 | D:5      | Reached skill level 6 in Shields
  4359 | D:5      | Found a basalt altar of Yredelemnul.
  4414 | D:5      | Found a sparkling altar of Nemelex Xobeh.
  4438 | D:5      | Reached XP level 8. HP: 48/48 MP: 8/8
  4536 | D:6      | Found Ygel Xyb Quf's Assorted Antiques.
  4799 | D:6      | Reached skill level 5 in Fighting
  4999 | D:6      | Found an opulent altar of Gozag.
  5127 | D:6      | Found a shattered altar of Ashenzari.
  5201 | D:6      | Reached skill level 7 in Shields
  5375 | D:6      | Reached * piety under Qazlal
  5639 | D:7      | Noticed a troll
  5666 | D:6      | Reached skill level 5 in Maces & Flails
  5739 | D:6      | Killed from afar by an orc priest

Skill      XL: |  1  2  3  4  5  6  7  8 |
---------------+-------------------------+-----
Armour         | 4 5 6 |  6.0
Shields        | 4 5 6 7 |  7.4
Dodging        | 1 2 |  2.7
Fighting       | 4 5 |  5.4
Maces & Flails | 3 4 5 |  5.0

Action                   |  1- 3 |  4- 6 |  7- 9 || total
-------------------------+-------+-------+-------++-------
Melee: Flail             |   233 |   308 |   251 ||   792
  Use: Scroll            |       |     8 |     4 ||    12
       Potion            |       |       |    12 ||    12
  Eat: Chunk             |     4 |     7 |     6 ||    17
Armor: Scale mail        |    21 |       |       ||    21
       Chain mail        |   164 |   204 |   154 ||   522
Dodge: Dodged            |    70 |    92 |   105 ||   267
Block: Shield            |   156 |   185 |   156 ||   497
